 Seeded DCSS version 0.28-a0-1286-g6bde065e89 (webtiles) character file.

Game seed: 4200142385990743409 (custom seed)

442 croobank the Sneak (level 7, 0/41 HPs)
             Began as an Octopode Conjurer on Dec 26, 2021.
             Was an Initiate of Vehumet.
             Slain by an ice beast (8 damage)
             ... on level 5 of the Dungeon.
             The game lasted 00:23:42 (5328 turns).

croobank the Sneak (Octopode Conjurer)              Turns: 5328, Time: 00:23:43

Health: 0/41       AC:  1    Str:  9    XL:     7   Next: 2%
Magic:  1/12       EV: 13    Int: 20    God:    Vehumet [......]
Gold:   102        SH:  0    Dex: 10    Spells: 4/13 levels left

rFire   . . .      SeeInvis .   j - staff of conjuration
rCold   . . .      Faith    .   (no shield)
rNeg    . . .      Spirit   .   (helmet restricted)
rPois   .          Reflect  .   (no amulet)
rElec   .          Harm     .   (no ring)
rCorr   .          Rampage  .   (no ring)
Will    .....                   (no ring)
Stlth   ++++......              (no ring)
HPRegen 0.13/turn               (no ring)
MPRegen 0.13/turn               (no ring)
                                (no ring)
                                (no ring)

@: no status effects
A: almost no armour, amphibious, 8 rings, camouflage 1, gelatinous body 1,
(nimble swimmer 1), tentacles
a: Renounce Religion


You were on level 5 of the Dungeon.
You worshipped Vehumet.
Vehumet was noncommittal.
You visited 1 branch of the dungeon, and saw 5 of its levels.

You collected 102 gold pieces.

Inventory:

Hand Weapons
 a - a +0 short sword
 f - a +0 mace
 h - a +0 rapier
 o - a +0 flail
 x - a +1 dagger of venom
 y - a +0 whip of venom
Missiles
 b - 43 stones
 d - 39 arrows
 v - 16 sling bullets
 z - 13 poisoned darts
Magical Staves
 j - a staff of conjuration (weapon)
 k - a staff of air
Scrolls
 c - 3 scrolls of identify {identify, unknown}
 e - 2 scrolls of acquirement {acquirement, unknown}
 g - a scroll of enchant weapon {enchant weapon, unknown}
 l - a scroll of fog {fog, unknown}
 m - a scroll of enchant armour {enchant armour, unknown}
 n - a scroll of torment {torment, unknown}
 r - a scroll of amnesia {amnesia, unknown}
 s - 2 scrolls of teleportation {teleportation, unknown}
 t - a scroll of immolation {immolation, unknown}
Potions
 i - a potion of ambrosia {ambrosia, unknown}
 p - 2 potions of brilliance {brilliance, unknown}
 q - a potion of attraction {attraction, unknown}
 u - a potion of degeneration {degeneration, unknown}
 w - a potion of resistance {resistance, unknown}


   Skills:
 + Level 4.0 Dodging
 + Level 5.6 Stealth
 + Level 3.7 Spellcasting
 + Level 5.2 Conjurations


You had 4 spell levels left.
You knew the following spells:

 Your Spells              Type           Power      Damage    Failure   Level
a - Magic Dart            Conj           100%       1d8       1%          1
b - Searing Ray           Conj           74%        2d7       2%          2
c - Dazzling Flash        Conj/Hex       42%        N/A       14%         3
d - Frozen Ramparts       Ice            6%         1d2       36%         3

Your spell library contained the following spells:

 Spells                   Type           Power      Damage    Failure   Level
 Fulminant Prism          Conj/Hex       10%        3d9       41%         4
 Iskenderun's Mystic Bla  Conj/Tloc      21%        2d6       41%         4
 Ice Form                 Ice/Tmut       3%         N/A       78%         4
 Summon Ice Beast         Ice/Summ       3%         N/A       78%         4


Dungeon Overview and Level Annotations

Branches:
Dungeon (5/15)
 Temple: D:4-7

Altars:
Vehumet


Innate Abilities, Weirdness & Mutations

You cannot wear most types of armour.
You are amphibious.
You can wear up to eight rings at the same time.
Your skin changes colour to match your surroundings (Stealth+).
Your rubbery body absorbs attacks. (AC +1, EV +1)
((You are camouflaged when in or above water. (Stealth+)))
You have tentacles for arms and can constrict up to eight enemies at once.


Message History

You feel a surge of power!
The magic dart hits the ice beast.
The ice beast is moderately wounded.
Casting: Magic Dart (safe; 1% risk of failure)
Confirm with . or Enter, or press ? or * to list all spells.
Aiming: Magic Dart (safe; 1% risk of failure)
Press: ? - help, Shift-Dir - straight line, f/p - ice beast
Aim: an ice beast (lightly wounded, 100% to hit)
You feel a surge of power!
The magic dart hits the ice beast.
The ice beast is moderately wounded.
Casting: Magic Dart (safe; 1% risk of failure)
Confirm with . or Enter, or press ? or * to list all spells.
Aiming: Searing Ray (safe; 2% risk of failure)
Press: ? - help, Shift-Dir - straight line, f/p - ice beast
Aim: an ice beast (lightly wounded, 81% to hit)
You feel a surge of power!
The searing ray hits the ice beast.
The ice beast is moderately wounded. (Press . to maintain the ray.)
The searing ray hits the ice beast!
The ice beast is severely wounded.
You finish channelling your searing ray.
The ice beast hits you. The ice beast freezes you! The ice beast hits you.
The ice beast freezes you.
Casting: Searing Ray (safe; 2% risk of failure)
Confirm with . or Enter, or press ? or * to list all spells.
Aiming: Searing Ray (safe; 2% risk of failure)
Press: ? - help, Shift-Dir - straight line, f/p - ice beast
Aim: an ice beast (severely wounded, 81% to hit)
You feel a surge of power!
The searing ray misses the ice beast. (Press . to maintain the ray.)
The ice beast hits you. The ice beast freezes you!
* * * LOW HITPOINT WARNING * * *
The searing ray hits the ice beast.
The ice beast is almost dead.
The ice beast closely misses you.
The searing ray hits the ice beast.
The ice beast is almost dead.
The ice beast hits you.
* * * LOW HITPOINT WARNING * * *
The ice beast freezes you!
You die...

#.## #.....#
##..###......
##....##......
##......#......
##...##.........
##......#...###..
##........#..#
##.Y........#.##
#.@.........##.#
#..#.........##.#
#####
#..##.........##.##
##...###..#
#.........###.#
##........#
#.........## #.##
##........#
#........## ##.#
#....<....##
#......## #.##
#..........##
.....## #.##
..............##
##..


You could see an ice beast.

Vanquished Creatures
  A black bear (D:4)
  A scorpion (D:5)
  2 hounds (D:5)
  A centaur skeleton (D:4)
  Jessica (D:2)
  A scorpion zombie (D:5)
  4 gnolls (D:2)
  3 adders
  An adder skeleton (D:4)
  A worm (D:2)
  2 dart slugs
  4 orcs
  4 bats (D:1)
  9 endoplasms
  4 giant cockroaches
  9 goblins
  6 hobgoblins
  4 jackals (D:2)
  6 kobolds
  2 quokkas (D:1)
  2 ball pythons
  4 frilled lizards
  5 rats
77 creatures vanquished.

Vanquished Creatures (others)
  4 plants (D:5)
4 creatures vanquished.

Grand Total: 81 creatures vanquished

Notes
Turn   | Place    | Note
-------+----------+-------------------------------------------
     0 | D:1      | croobank the Octopode Conjurer began the quest for the Orb.
     0 | D:1      | Reached XP level 1. HP: 11/11 MP: 3/3
   459 | D:1      | Reached XP level 2. HP: 17/17 MP: 3/5
   578 | D:1      | Found a faded altar of an unknown god.
  1007 | D:1      | Reached XP level 3. HP: 18/21 MP: 2/6
  1477 | D:2      | Learned a level 2 spell: Searing Ray
  1481 | D:2      | Learned a level 3 spell: Dazzling Flash
  1752 | D:2      | Noticed Jessica
  1758 | D:2      | Killed Jessica
  1759 | D:2      | Reached XP level 4. HP: 27/27 MP: 3/7
  2429 | D:2      | Reached XP level 5. HP: 31/31 MP: 0/9
  3454 | D:4      | Noticed a phantom
  4134 | D:3      | Learned a level 3 spell: Frozen Ramparts
  4296 | D:4      | Noticed a black bear
  4306 | D:4      | Killed a black bear
  4307 | D:4      | Reached XP level 6. HP: 22/36 MP: 1/10
  4410 | D:4      | Reached skill level 5 in Stealth
  4410 | D:4      | Reached skill level 5 in Conjurations
  4494 | D:4      | Found a radiant altar of Vehumet.
  4502 | D:4      | Became a worshipper of Vehumet
  4696 | D:5      | Entered Level 5 of the Dungeon
  5205 | D:5      | Reached XP level 7. HP: 28/41 MP: 4/12
  5328 | D:5      | Slain by an ice beast

Illustrated notes

Levels and vault maps discovered:
D:1:      dpeg_arrival_fog, layout_loops_ring, nicolae_ecumenical_lake_church,
          chequers_mini_garden
D:2:      layout_basic, uniq_jessica
D:3:      layout_basic, chequers_decorated_corner
D:4:      layout_rooms, vehumet_crystals, minmay_misc_feat_pillars,
          uniq_eustachio
D:5:      layout_cave_pods, serial_bayou_pond_c

Skill      XL: |  1  2  3  4  5  6 |
---------------+-------------------+-----
Stealth        | 3 4 5 |  5.6
Dodging        | 3 4 |  4.0
Spellcasting   | 3 |  3.7
Conjurations   | 5 |  5.2

Action                   |  1- 3 |  4- 6 |  7- 9 || total
-------------------------+-------+-------+-------++-------
Melee: Unarmed           |    23 |    18 |       ||    41
       Constrict         |     5 |     6 |       ||    11
       Tentacles         |     3 |       |       ||     3
       Whip              |       |     7 |       ||     7
 Cast: Magic Dart        |    55 |    81 |     4 ||   140
       Searing Ray       |       |    15 |     2 ||    17
  Use: Potion            |       |     2 |       ||     2
 Stab: Sleeping          |     1 |     2 |       ||     3
Armor: Skin              |       |     3 |       ||     3
Dodge: Dodged            |    17 |    36 |     1 ||    54

Table legend: (Time is in decaauts)
 A = Elapsed time spent in this place.
 B = Non-inter-level travel time spent in this place.
 C = Inter-level travel time spent in this place.
 D = Time resting spent in this place.
 E = Time spent auto-exploring this place.
 F = Levels seen in this place.
 G = Mean time per level.
                   A        B        C        D        E       F      G
               +--------+--------+--------+--------+--------+-----+--------+
         Total |   5329 |   5250 |     79 |   1872 |   2302 |   5 | 1065.8 |
       Dungeon |   5329 |   5250 |     79 |   1872 |   2302 |   5 | 1065.8 |
               +--------+--------+--------+--------+--------+-----+--------+

Top non-repeatable levels by time:
     D:2: 1688 daAuts
     D:1: 1343 daAuts
     D:3: 1188 daAuts
     D:5: 631 daAuts
     D:4: 478 daAuts
